 Dungeon Crawl Stone Soup version 0.31-a0-233-g139696dc86 (webtiles) character file.

Game seed: 15198795212224218687

121 qw the Shooter (level 5, -14/30 HPs)
             Began as a Gargoyle Hexslinger on July 9, 2023.
             Killed by divine providence
             ... invoked by an orc priest
              (15 damage)
             ... on level 4 of the Dungeon.
             The game lasted 00:00:56 (2732 turns).

qw the Shooter (Gargoyle Hexslinger)                Turns: 2732, Time: 00:00:56

Health: -14/30     AC: 12    Str: 11    XL:     5   Next: 5%
Magic:  6/6        EV: 11    Int: 14    God:
Gold:   163        SH:  0    Dex: 14    Spells: 5/6 levels left

rFire   . . .        Y - +0 arbalest
rCold   . . .        (shield currently unavailable)
rNeg    + . .        d - +0 leather armour
rPois   inf          (no helmet)
rElec   +            (no cloak)
rCorr   .            c - +0 pair of gloves
SInv    .            (no boots)
Will    .....        (no amulet)
Stlth   +            k - +4 ring of protection
HPRegen 0.25/turn    (no ring)
MPRegen 0.10/turn

%: no passive effects
@: about to teleport
A: sickness immunity, AC +4, negative energy resistance 1, electricity
resistance, torment resistance 1, petrification resistance
a: no special abilities


You were on level 4 of the Dungeon.
You visited 1 branch of the dungeon, and saw 4 of its levels.

You collected 163 gold pieces.


Innate Abilities, Weirdness & Mutations

You are immune to sickness and miasma.
Your stone body is resilient. (AC +4)
You are immune to poison.
You resist negative energy. (rN+)
You are resistant to electric shocks. (rElec)
You are resistant to unholy torment.
You are immune to petrification.


   Skills:
 - Level 2.0 Fighting
 + Level 4.8 Ranged Weapons
 - Level 1.5 Dodging
 - Level 1.0 Spellcasting
 - Level 2.6 Hexes


You had 5 spell levels left.
You knew the following spells:

 Your Spells              Type           Power      Damage    Failure   Level
a - Slow                  Hex            32%        N/A       12%         1

Your spell library contained the following spells:

 Spells                   Type           Power      Damage    Failure   Level
 Inner Flame              Hex/Fire       4%         N/A       52%         3
 Portal Projectile        Hex/Tloc       8%         N/A       52%         3
 Cause Fear               Hex            4%         N/A       75%         4

Inventory:

Hand Weapons
 Y - a +0 arbalest (weapon)
Armour
 c - a +0 pair of gloves (worn)
 d - a +0 leather armour (worn)
Jewellery
 k - a +4 ring of protection (left hand)
Scrolls
 e - a scroll of identify
Potions
 f - a potion of heal wounds {unknown}
 h - a potion of brilliance {unknown}

Dungeon Overview and Level Annotations

Branches:
Dungeon (4/15)
 Temple: D:4-7

Altars:
Hepliaklqana


Message History

The orc priest barely misses you.
The orc priest hits you but does no damage.
The orc hits you but does no damage.
The orc priest hits you but does no damage.
The orc hits you but does no damage. The orc priest misses you.
You shoot a bolt. The bolt barely misses the orc priest.
The orc priest closely misses you.
The orc priest hits you with a +0 dagger.
The orc hits you but does no damage.
The quokka twitches its whiskers.
You shoot a bolt. The bolt barely misses the orc priest.
The orc priest invokes the aid of Beogh against you.
You barely resist. The orc priest barely misses you.
The orc hits you but does no damage.
The orc priest hits you with a +0 short sword.
The orc priest barely misses you. The orc completely misses you.
You shoot a bolt. The bolt barely misses the orc priest.
The orc priest closely misses you.
The orc priest mumbles some strange prayers to Beogh against you.
You barely resist. The orc hits you with a +0 club.
The orc hits you but does no damage.
The orc priest hits you but does no damage. x2
You shoot a bolt.
The bolt completely misses the orc priest.
The orc priest hits you but does no damage. x2
The orc barely misses you.
You shoot a bolt. The bolt barely misses the orc priest.
The orc priest misses you.
The orc priest calls down the wrath of Beogh upon you.
Beogh smites you! The orc hits you but does no damage. x2
The orc priest barely misses you.
The orc priest begins to cast a cantrip, but forgets the words!
2732 ||| READING scroll of teleportation.
As you read the scroll of teleportation, it crumbles to dust.
You feel strangely unstable. The orc priest completely misses you.
The orc priest invokes the aid of Beogh against you.
Beogh smites you!
Ouch! That really hurt!
You die...

########..
##.........
##..<....#
######.....####
...........#
#######.####
#@#
......ooo......
######.r.).....
#.........
..........
.##........ .
#........ #
#........


You could see 2 orc priests, an orc and a quokka.

Vanquished Creatures
  A hound (D:3)
  A worm (D:2)
  2 dart slugs
  9 orcs
  6 endoplasms
  5 hobgoblins
  14 jackals
  2 quokkas
  5 ball pythons
  4 bats
  4 frilled lizards
  7 goblins
  5 kobolds
  2 rats (D:3)
67 creatures vanquished.

Notes
Turn   | Place    | Note
-------+----------+-------------------------------------------
     0 | D:1      | qw the Gargoyle Hexslinger began the quest for the Orb.
     0 | D:1      | Reached XP level 1. HP: 12/12 MP: 2/2
     0 | D:1      | 0 ||| qw: Version: 0.3-a-51-g015441d
     0 | D:1      | 0 ||| qw: Game counter: 3998
     0 | D:1      | 0 ||| qw: Melee chars always use a shield: true
     0 | D:1      | 0 ||| qw: God list: Okawaru
     0 | D:1      | 0 ||| qw: Allow faded altars: false
     0 | D:1      | 0 ||| qw: Do Orc after clearing Dungeon:15 true
     0 | D:1      | 0 ||| qw: Do second Lair branch before Depths: true
     0 | D:1      | 0 ||| qw: Lair rune preference: random
     0 | D:1      | 0 ||| qw: Goals: Normal
     0 | D:1      | 0 ||| PLANNING D:1-11
   272 | D:1      | Reached XP level 2. HP: 16/16 MP: 3/3
   316 | D:1      | Reached skill level 3 in Ranged Weapons
   758 | D:1      | 758 ||| UPGRADING to +0 leather armour.
   768 | D:1      | 768 ||| DROPPING +0 robe.
   769 | D:1      | 769 ||| READING scroll labelled NOADAN ILOG.
   770 | D:1      | 770 ||| READING scroll labelled XYEGGY XIE.
   771 | D:1      | 771 ||| READING 2 scrolls labelled YCREAN BUPAST.
   772 | D:1      | 772 ||| READING scroll labelled FUXTED QO HISI.
   777 | D:1      | 777 ||| DROPPING scroll of poison.
   778 | D:1      | 778 ||| DROPPING scroll of vulnerability.
   795 | D:2      | 795 ||| STAIRDANCE
   886 | D:2      | Reached XP level 3. HP: 21/21 MP: 4/4
  1281 | D:2      | HP: 4/21 [worm (6)]
  1741 | D:2      | 1741 ||| UPGRADING to +0 pair of gloves.
  1746 | D:2      | 1746 ||| DROPPING amulet of magic regeneration.
  1747 | D:2      | 1747 ||| READING 2 scrolls of identify.
  1747 | D:2      | 1747 ||| IDENTIFYING golden potion
  1748 | D:2      | 1748 ||| DROPPING potion of lignification.
  1782 | D:3      | 1782 ||| STAIRDANCE
  1787 | D:2      | HP: 3/21 [frozen (3)]
  1868 | D:3      | Found a hazy altar of Hepliaklqana.
  1869 | D:3      | Reached XP level 4. HP: 19/26 MP: 5/5
  1966 | D:3      | Reached skill level 4 in Ranged Weapons
  2116 | D:3      | 2116 ||| SWAPPING to +0 arbalest.
  2117 | D:3      | 2117 ||| DROPPING +1 sling.
  2582 | D:3      | Reached XP level 5. HP: 30/30 MP: 6/6
  2677 | D:3      | 2677 ||| UPGRADING to +4 ring of protection.
  2678 | D:3      | 2678 ||| READING scroll labelled ZUL MEDELAU.
  2679 | D:3      | 2679 ||| READING scroll labelled OTEVAO ZAMA.
  2703 | D:3      | 2703 ||| DRINKING 2 glowing ruby potions.
  2704 | D:3      | 2704 ||| DROPPING potion of attraction.
  2731 | D:4      | HP: 1/30 [orc priest/divine providence (10)]
  2732 | D:4      | 2732 ||| READING scroll of teleportation.
  2732 | D:4      | Killed from afar by an orc priest

Levels and vault maps discovered:
D:1:      wander_arrival_fairy_ring, layout_loops_ring,
          hangedman_abyss_or_decor_stabs, kennysheep_pointless_box,
          minmay_misc_feat_hallway
D:2:      layout_loops_corners, due_unseen_surprise
D:3:      layout_loops_cross, mainiacjoe_overflow_tiny_flanked,
          hangedman_decor_slide_cut
D:4:      layout_rooms, marbit_many_paths, mainiacjoe_overflow_surrounded_room,
          serial_shops, shop, uniq_robin

Skill      XL: |  1  2  3  4 |
---------------+-------------+-----
Ranged Weapons | 3 4 |  4.8
Fighting       | 2 |  2.0
Dodging        | |  1.5
Spellcasting   | |  1.0
Hexes          | |  2.6

Action                     |  1- 3 |  4- 6 || total
---------------------------+-------+-------++-------
   Fire: Sling             |   137 |    20 ||   157
         Arbalest          |       |    46 ||    46
    Use: Scroll            |     5 |     3 ||     8
         Potion            |       |     1 ||     1
 Armour: Robe              |    14 |       ||    14
         Leather armour    |    14 |    36 ||    50
  Dodge: Dodged            |    72 |    42 ||   114

Table legend:
 A = Non-vault XP
 B = Vault XP
 C = Vault XP percentage of total XP
 D = Non-vault monster count
 E = Vault monster count
 F = Vault count percentage of total count
                 A         B        C        D         E       F
            +---------+---------+-------+---------+---------+-------
      Total |     174 |       0 |   0.0 |      67 |       0 |   0.0
            +---------+---------+-------+---------+---------+-------
        D:1 |      29 |       0 |   0.0 |      19 |       0 |   0.0
        D:2 |      43 |       0 |   0.0 |      20 |       0 |   0.0
        D:3 |      99 |       0 |   0.0 |      27 |       0 |   0.0
        D:4 |       3 |       0 |   0.0 |       1 |       0 |   0.0
            +---------+---------+-------+---------+---------+-------
